 Dungeon Crawl Stone Soup version 0.31-a0-1074-g0b22e4e0f1 (webtiles) character file.

Game seed: 8411187429491977928

266 quinnr the Gusty (level 6, -2/32 HPs)
             Began as a Tengu Air Elementalist on Dec 8, 2023.
             Was an Initiate of Vehumet.
             Succumbed to Duvessa's poison
             ... on level 4 of the Dungeon.
             The game lasted 00:06:45 (3285 turns).

quinnr the Gusty (Tengu Air Elementalist)           Turns: 3285, Time: 00:06:46

Health: -2/32      AC:  3    Str:  8    XL:     6   Next: 20%
Magic:  4/11       EV: 13    Int: 18    God:    Vehumet [......]
Gold:   134        SH:  0    Dex: 14    Spells: 8/11 levels left

rFire   . . .        (no weapon)
rCold   . . .        (no shield)
rNeg    . . .        f - +0 robe {Will+}
rPois   .            (helmet restricted)
rElec   .            (no cloak)
rCorr   .            p - +0 pair of gloves
SInv    .            (boots unavailable)
Will    +....        (no amulet)
Stlth   ++           (no ring)
HPRegen 0.25/turn    (no ring)
MPRegen 0.12/turn

%: acrobat
@: brilliant, lethally poisoned (-2 -> -31)
A: beak, talons 3, acrobatic
a: Renounce Religion


You were on level 4 of the Dungeon.
You worshipped Vehumet.
Vehumet was noncommittal.
You visited 2 branches of the dungeon, and saw 5 of its levels.

You collected 134 gold pieces.


Innate Abilities, Weirdness & Mutations

You have a beak for a mouth.
You have claws for feet.
You can magically evade attacks while moving or waiting.


   Skills:
 - Level 3.0 Dodging
 - Level 2.5 Stealth
 - Level 3.0 Spellcasting
 - Level 2.7 Conjurations
 + Level 6.1 Air Magic
 + Level 2.4 Poison Magic


You had 8 spell levels left.
You knew the following spells:

 Your Spells              Type           Power      Damage    Failure   Level
p - Poisonous Vapours     Pois/Air       54%        N/A       4%          2
z - Shock                 Conj/Air       100%       1d9       2%          1

Your spell library contained the following spells:

 Spells                   Type           Power      Damage    Failure   Level
 Swiftness                Air            37%        N/A       3%          3
 Static Discharge         Conj/Air       56%        3-6/arc   4%          2
 Sting                    Tmut/Pois      40%        1d5       10%         1
 Airstrike                Air            18%        2d(3-19)  13%         4
 Call Canine Familiar     Summ           4%         N/A       43%         3
 Sigil of Binding         Hex            4%         N/A       43%         3
 Olgreb's Toxic Radiance  Pois           17%        N/A       52%         4
 Dimensional Bullseye     Hex/Tloc       2%         N/A       85%         4
 Leda's Liquefaction      Hex/Erth       2%         N/A       85%         4

Inventory:

Hand Weapons
 j - a +3 dagger
Armour
 a - a +0 robe
 f - a +0 robe of willpower (worn)
 p - a +0 pair of gloves (worn)
Wands
 n - a wand of polymorph (13)
 s - a wand of roots (6)
Scrolls
 c - a scroll of fog {unknown}
 e - a scroll of revelation
 i - 2 scrolls of blinking {unknown}
 k - 2 scrolls of teleportation {unknown}
 m - a scroll of immolation {unknown}
 q - a scroll of vulnerability {unknown}
 r - a scroll of identify {@r1}
Potions
 b - a potion of magic
 d - 2 potions of heal wounds {unknown}
 g - 2 potions of lignification {unknown}
 h - 2 potions of ambrosia
 l - a potion of brilliance
 o - 2 potions of enlightenment {unknown}

Dungeon Overview and Level Annotations

Branches:
Dungeon (4/15)             Temple (1/1) D:4

Altars:
Ashenzari
Dithmenos
Elyvilon
Fedhas
Gozag
Makhleb
Nemelex Xobeh
Okawaru
Qazlal
Sif Muna
Uskayaw
Vehumet
Wu Jian
Xom
Yredelemnul

Shops:
D:1 *

Annotations:
D:4 Duvessa

########### #######
###.........# #.....#
#.........#@# #.....#
#.........#e# #.....#
#.........#.###.....#
#.........#......e..#
######.........#########.#
...............+ .#
...............# #.#.#
######.........# #.#.#
#.........# #.#..


You could see Duvessa (berserk, fast).


Message History

The zap misses Dowan.
The zap hits Duvessa.
Duvessa is moderately wounded.
The zap hits Duvessa but does no damage.
Duvessa is moderately wounded.
The zap hits Dowan.
You kill Dowan!
Vehumet accepts your kill.
Duvessa screams in rage.
Duvessa goes berserk!
Duvessa hits you with a +2 short sword of venom!
Your Air Magic skill increases to level 6!
You have reached level 6!
Unknown command.
Okay, then.
Okay, then.
You feel clever all of a sudden.
Duvessa hits you with a +2 short sword of venom!
Ouch! That really hurt!
* * * LOW HITPOINT WARNING * * *
You are lethally poisoned!
Unknown command.
Casting: Shock (safe; 2% risk of failure)
Confirm with . or Enter, or press ? or * to list all spells.
Aiming: Shock (safe; 2% risk of failure)
Press: ? - help, Shift-Dir - straight line You feel a surge of power!
The zap hits Duvessa.
Duvessa is heavily wounded.
The zap hits Duvessa.
Duvessa is heavily wounded.
You die...

Skill      XL: |  1  2  3  4  5 |
---------------+----------------+-----
Conjurations   | 2 |  2.7
Dodging        | 3 |  3.0
Spellcasting   | 3 |  3.0
Air Magic      | 5 6 |  6.1
Poison Magic   | 2 |  2.4
Stealth        | |  2.5

Action                     |  1- 3 |  4- 6 || total
---------------------------+-------+-------++-------
  Melee: Unarmed           |     1 |       ||     1
   Cast: Shock             |    84 |    51 ||   135
    Use: Scroll            |       |     3 ||     3
         Potion            |       |     1 ||     1
 Armour: Robe              |     7 |     7 ||    14
  Dodge: Dodged            |    22 |     2 ||    24

Levels and vault maps discovered:
D:1:      dreamdust_arrival_sigmund_warning, layout_rooms, serial_shops,
          nicolae_shop_statue_plus
D:2:      layout_rooms, chequers_serial_rivers_large_b, uniq_robin
D:3:      layout_loops_ring, dreamdust_ecumenical_altar_hidden_monk_grotto
D:4:      layout_basic, minmay_temple_entry_statues, uniq_duvessa, uniq_menkaure
Temple:   bh_familiar_temple

Notes
Turn   | Place    | Note
-------+----------+-------------------------------------------
     0 | D:1      | quinnr the Tengu Air Elementalist began the quest for the
                  | Orb.
     0 | D:1      | Reached XP level 1. HP: 10/10 MP: 4/4
   204 | D:1      | Reached XP level 2. HP: 15/15 MP: 1/6
   440 | D:1      | Found Piudytze's Assorted Antiques.
   655 | D:2      | Reached skill level 2 in Conjurations
   841 | D:2      | Noticed Robin
   901 | D:2      | Reached XP level 3. HP: 19/19 MP: 5/7
  1283 | D:2      | Killed Robin
  1284 | D:2      | Reached XP level 4. HP: 13/24 MP: 0/8
  1498 | D:2      | Learned a level 2 spell: Poisonous Vapours
  2407 | D:3      | Found a faded altar of an unknown god.
  2621 | D:4      | Found a staircase to the Ecumenical Temple.
  2715 | D:4      | Reached skill level 3 in Dodging
  2859 | Temple   | Entered the Ecumenical Temple
  2886 | Temple   | Became a worshipper of Vehumet
  3011 | D:4      | Noticed Menkaure
  3062 | D:4      | Killed Menkaure
  3063 | D:4      | Reached skill level 3 in Spellcasting
  3063 | D:4      | Reached skill level 5 in Air Magic
  3063 | D:4      | Reached skill level 2 in Poison Magic
  3063 | D:4      | Reached XP level 5. HP: 28/28 MP: 3/10
  3266 | D:4      | Noticed Dowan
  3267 | D:4      | Noticed Duvessa
  3283 | D:4      | Killed Dowan
  3284 | D:4      | Reached skill level 6 in Air Magic
  3284 | D:4      | Reached XP level 6. HP: 21/32 MP: 5/11
  3285 | D:4      | Succumbed to Duvessa's poison

Vanquished Creatures
  Menkaure (D:4)
  Dowan (D:4)
  Robin (D:2)
  2 adders
  A worm (D:3)
  A dart slug (D:2)
  5 bats
  5 endoplasms
  3 giant cockroaches
  9 hobgoblins
  3 quokkas
  3 ball pythons
  A frilled lizard (D:1)
  13 goblins
  7 kobolds
  2 rats
58 creatures vanquished.

Table legend: (Time is in decaauts)
 A = Elapsed time spent in this place.
 B = Non-inter-level travel time spent in this place.
 C = Inter-level travel time spent in this place.
 D = Time resting spent in this place.
 E = Time spent auto-exploring this place.
 F = Levels seen in this place.
 G = Mean time per level.
                   A        B        C        D        E       F      G
               +--------+--------+--------+--------+--------+-----+--------+
         Total |   3314 |   3139 |    175 |    258 |   2347 |   5 |  662.8 |
       Dungeon |   3260 |   3134 |    126 |    258 |   2347 |   4 |  815.0 |
        Temple |     53 |      5 |     48 |      0 |      0 |   1 |   53.0 |
               +--------+--------+--------+--------+--------+-----+--------+

Top non-repeatable levels by time:
     D:2: 946 daAuts
     D:1: 862 daAuts
     D:3: 741 daAuts
     D:4: 710 daAuts
  Temple: 53 daAuts

Table legend:
 A = Non-vault XP
 B = Vault XP
 C = Vault XP percentage of total XP
 D = Non-vault monster count
 E = Vault monster count
 F = Vault count percentage of total count
                 A         B        C        D         E       F
            +---------+---------+-------+---------+---------+-------
      Total |     101 |     279 |  73.4 |      45 |      13 |  22.4
            +---------+---------+-------+---------+---------+-------
        D:1 |      24 |       0 |   0.0 |      16 |       0 |   0.0
        D:2 |      40 |      35 |  46.7 |      16 |      11 |  40.7
        D:3 |      18 |       0 |   0.0 |       9 |       0 |   0.0
        D:4 |      19 |     244 |  92.8 |       4 |       2 |  33.3
            +---------+---------+-------+---------+---------+-------

Levels and vault maps discovered:
D:1:      dreamdust_arrival_sigmund_warning, layout_rooms, serial_shops,
          nicolae_shop_statue_plus
D:2:      layout_rooms, chequers_serial_rivers_large_b, uniq_robin
D:3:      layout_loops_ring, dreamdust_ecumenical_altar_hidden_monk_grotto
D:4:      layout_basic, minmay_temple_entry_statues, uniq_duvessa, uniq_menkaure
Temple:   bh_familiar_temple
